 Dungeon Crawl Stone Soup version 0.24.0-13-gcf9b319 (webtiles) character file.

Game seed: 2387159643346959461, levelgen mode: deterministic

257 ricardofg the Magician (level 5, -9/38 HPs)
             Began as a Draconian Wizard on Nov 21, 2019.
             Killed by divine providence
             ... invoked by an orc priest
              (13 damage)
             ... on level 4 of the Dungeon.
             The game lasted 00:14:44 (4694 turns).

ricardofg the Magician (Draconian Wizard)           Turns: 4694, Time: 00:14:45

Health: -9/38      AC:  5    Str:  9    XL:     5   Next: 93%
Magic:  6/12       EV: 32    Int: 19    God:
Gold:   138        SH:  0    Dex: 15    Spells: 6/13 levels left

rFire    . . .     SeeInvis .   h - +0 whip
rCold    . . .     Gourm    .   (no shield)
rNeg     . . .     Faith    .   (armour unavailable)
rPois    .         Spirit   .   a - +0 hat
rElec    .         Reflect  .   (no cloak)
rCorr    .         Harm     .   (no gloves)
MR       .....                  (no boots)
Stlth    +++.......             u - amulet of the acrobat
HPRegen  0.12/turn              (no ring)
MPRegen  0.13/turn              (no ring)

@: agile, acrobat, flying, very slightly contaminated
A: unfitting armour, cold-blooded, AC +5
a: no special abilities


You were on level 4 of the Dungeon.
You were not hungry.

You visited 1 branch of the dungeon, and saw 4 of its levels.

You collected 138 gold pieces.

Inventory:

Hand Weapons
 h - a +0 whip (weapon)
Missiles
 g - 39 poisoned darts (quivered)
 o - 2 javelins
Armour
 a - a +0 hat (worn)
 i - a +0 buckler
Jewellery
 u - an amulet of the acrobat (around neck)
Scrolls
 d - 4 scrolls of remove curse {unknown}
 e - a scroll of enchant armour {unknown}
 f - 4 scrolls of noise {unknown}
 j - 7 scrolls of identify {unknown}
 n - a scroll of fog {unknown}
 r - a scroll of teleportation {unknown}
 t - a scroll of blinking {unknown}
 v - a scroll of magic mapping {unknown}
Potions
 b - 2 potions of flight
 l - a potion of heal wounds {unknown}
 m - a potion of haste {unknown}
 p - a potion of brilliance {unknown}
 q - a potion of magic {unknown}
Comestibles
 c - 2 rations


   Skills:
 - Level 1.7 Dodging
 - Level 1.7 Stealth
 + Level 4.9 Spellcasting
 + Level 4.2 Conjurations
   Level 1.0 Summonings
   Level 1.0 Translocations


You had 6 spell levels left.
You knew the following spells:

 Your Spells              Type           Power        Failure   Level  Hunger
a - Magic Dart            Conj           ###.         2%          1    None
b - Conjure Flame         Conj/Fire      ##......     16%         3    ##.....
c - Mephitic Cloud        Conj/Pois/Air  ##......     22%         3    ##.....

Your spell library contained the following spells:

 Spells                   Type           Power        Failure   Level  Hunger
 Blink                    Tloc           N/A          13%         2    #......
 Call Imp                 Summ           #.......     13%         2    #......
 Slow                     Hex            #.......     19%         2    #......


Dungeon Overview and Level Annotations

Branches:
Dungeon (4/15)
 Temple: D:4-7

Altars:
Fedhas
Makhleb
Okawaru
Wu Jian
Yredelemnul
The Shining One

Annotations:
D:3 Ijyb


Innate Abilities, Weirdness & Mutations

Your plain brown scales are hard. (AC +5)
You cannot fit into any form of body armour.
You are cold-blooded and may be slowed by cold attacks.


Message History

You hit the orc but do no damage. The orc misses you.
You hit the orc but do no damage.
You tail-slap the orc, but do no damage.
The orc barely misses you.
You hit the orc but do no damage. The orc completely misses you.
You closely miss the orc. The orc barely misses you.
You hit the orc but do no damage. The orc closely misses you.
You hit the orc but do no damage. The orc barely misses you.
The orc priest invokes the aid of Beogh against you.
Beogh smites you!
* * * LOW HITPOINT WARNING * * *
You barely miss the orc.
The orc priest casts a cantrip, but nothing happens.
The orc misses you.
It was a potion of agility.
You feel agile all of a sudden. The orc hits you but does no damage.
The orc priest invokes the aid of Beogh against you.
Beogh smites you!
You die...

#.# #..# #.# #..#
#.# #..# #.# ###
#..# #o# #.. ....
.#. #.# #.# ...
... #o# #.# #.#
#.. #.# #.# #.#
#.. #@# #.# #.#
#.. #.####.#####.#
#..
#.....(......###..
######...###..♣♣..
###.##..P.≈.P
#....≈.≈P≈≈
#.##P≈≈.≈≈≈
#.##..≈≈≈≈.
#.##.≈≈≈≈.≈


You could see an orc priest and an orc.

Vanquished Creatures
  3 hounds
  A worker ant (D:3)
  4 adders
  2 oozes
  An adder skeleton (D:4)
  An adder zombie (D:4)
  4 worms
  A dart slug (D:2)
  4 leopard geckos
  5 orcs
  3 giant cockroaches
  A goblin (D:3)
  7 hobgoblins
  11 jackals
  3 ball pythons
  9 bats
  11 frilled lizards
  5 kobolds
  A quokka zombie (D:4)
  7 rats
84 creatures vanquished.

Notes
Turn   | Place    | Note
-------+----------+-------------------------------------------
     0 | D:1      | ricardofg the Draconian Wizard began the quest for the Orb.
     0 | D:1      | Reached XP level 1. HP: 14/14 MP: 4/4
   389 | D:1      | Reached XP level 2. HP: 20/20 MP: 3/6
  1263 | D:2      | Reached XP level 3. HP: 26/26 MP: 4/8
  2196 | D:2      | Reached XP level 4. HP: 26/33 MP: 5/9
  2201 | D:2      | Learned a level 3 spell: Conjure Flame
  2205 | D:2      | Learned a level 3 spell: Mephitic Cloud
  2266 | D:2      | Found a burning altar of Makhleb.
  3103 | D:3      | Found a basalt altar of Yredelemnul.
  3103 | D:3      | Found a faded altar of an unknown god.
  3109 | D:3      | Found a faded altar of an unknown god.
  3114 | D:3      | Found an ornate altar of the Wu Jian Council.
  3116 | D:3      | Found a blossoming altar of Fedhas.
  3317 | D:3      | Noticed Ijyb
  3318 | D:3      | Reached XP level 5. HP: 27/38 MP: 1/11
  4158 | D:4      | Found a glowing golden altar of the Shining One.
  4235 | D:4      | Found an iron altar of Okawaru.
  4694 | D:4      | Killed from afar by an orc priest

Levels and vault maps discovered:
D:1:      psy_arrival_radial01, layout_basic
D:2:      layout_basic, makhleb_heckhound_becter
D:3:      layout_basic, chequers_temple_overflow_minitemple,
          wad_rectangle_vault, uniq_crazy_yiuf_cottage, uniq_ijyb
D:4:      layout_loops_ring, okawaru_metal_pillars_1_2, first_ration,
          serial_bayou_pond_b, nicolae_tso_carved_into_rock

Skill      XL: |  1  2  3  4  5 |
---------------+----------------+-----
Conjurations   | 2 3 4 |  4.2
Spellcasting   | 4 |  4.9
Dodging        | |  1.7
Stealth        | |  1.7
Summonings     | |  1.0
Translocations | |  1.0

Action                   |  1- 3 |  4- 6 || total
-------------------------+-------+-------++-------
Melee: Unarmed           |     6 |       ||     6
       Whip              |   107 |    86 ||   193
       Tailslap          |     3 |     7 ||    10
Throw: Dart              |    31 |     6 ||    37
 Cast: Magic Dart        |    76 |   105 ||   181
       Mephitic Cloud    |       |     2 ||     2
  Use: Potion            |       |     5 ||     5
 Stab: Sleeping          |     1 |       ||     1
  Eat: Chunk             |     4 |     8 ||    12
Armor: Skin              |    46 |    33 ||    79
Dodge: Dodged            |    84 |    93 ||   177
